 Dungeon Crawl Stone Soup version 0.20-b1-18-gaa2fd62 (webtiles) character file.

109 MTVSty1e the Ruffian (level 4, -1/37 (38) HPs)
             Began as a Ghoul Gladiator on May 24, 2017.
             Slain by Grinder (5 damage)
             ... while paralysed by Grinder
             ... on level 3 of the Dungeon.
             The game lasted 00:06:02 (1993 turns).

MTVSty1e the Ruffian (Ghoul Gladiator)              Turns: 1993, Time: 00:06:02

HP:   -1/37 (38)    AC:  6    Str: 18    XL:     4   Next: 89%
MP:   3/3           EV:  2    Int:  3    God:
Gold: 125           SH:  0    Dex: 10    Spells: 3/3 levels left

rFire    . . .     SeeInvis .     - Unarmed
rCold    + . .     Gourm    .   (no shield)
rNeg     + + +     Faith    +   a - +0 leather armour
rPois    ∞         Spirit   .   o - +1 helmet
rElec    .         Reflect  .   (no cloak)
rCorr    .         Harm     .   (no gloves)
MR       .....                  h - +0 pair of boots
Stlth    +.........             q - amulet of faith
Regen    0.0/turn               (no ring)
MPRegen  0.1/turn               (no ring)

@: paralysed, rotting
A: rotting body, claws 1, carnivore 3, cold resistance 1, negative energy
resistance 3, inhibited regeneration, torment resistance, unbreathing
a: no special abilities


You were on level 3 of the Dungeon.
You were not hungry.

You visited 1 branch of the dungeon, and saw 3 of its levels.

You collected 125 gold pieces.

Inventory:

Missiles
 c - 3 throwing nets (quivered)
Armour
 a - a +0 leather armour (worn)
 b - a +1 helmet
 h - a +0 pair of boots (worn)
 o - a +1 helmet (worn)
Jewellery
 m - an uncursed amulet of guardian spirit
 q - an amulet of faith (around neck)
Wands
 u - a wand of acid (6/15)
Scrolls
 e - 3 scrolls of amnesia
 f - a scroll of identify
 g - a scroll of remove curse {unknown}
 i - 4 scrolls of teleportation
Potions
 d - a potion of haste
 j - 2 potions of heal wounds {unknown}
 k - a potion of brilliance {unknown}
 l - 2 potions of resistance {unknown}
 p - a potion of curing {unknown}
 r - a potion of berserk rage {unknown}
 s - a potion of invisibility {unknown}
 t - a potion of mutation {unknown}
Comestibles
 n - a royal jelly


   Skills:
 * Level 3.4 Fighting
 - Level 1.7 Throwing
 + Level 1.2 Armour
 + Level 3.3 Dodging
 + Level 4.1 Unarmed Combat


You had 3 spell levels left.
You didn't know any spells.

Dungeon Overview and Level Annotations

Branches:
Dungeon (3/15)

Altars:
Gozag
Xom

Annotations:
D:3 Grinder


Innate Abilities, Weirdness & Mutations

Your body is rotting away.
You thrive on raw meat.
You are immune to poison.
You have sharp fingernails.
You are carnivorous and can eat meat at any time.
Your flesh is cold resistant. (rC+)
You are immune to negative energy. (rN+++)
You do not regenerate when monsters are visible.
You are immune to unholy pain and torment.
You can survive without breathing.


Message History

A jackal comes into view.
The jackal barks!
Grinder hits you!
You barely miss Grinder. Grinder misses you.
You scratch Grinder. You claw Grinder.
Grinder is lightly wounded.
Grinder gestures at you.
You suddenly lose the ability to move!
The rat bites you. Grinder hits you. The rat bites you but does no damage.
Grinder drinks a potion.
Grinder seems to speed up.
The rat bites you. Grinder hits you but does no damage.
The rat bites you but does no damage. Grinder hits you.
Grinder rolls her eyes.
Grinder hits you. The rat bites you. Grinder hits you!
* * * LOW HITPOINT WARNING * * *
The rat bites you but does no damage. Grinder hits you.
* * * LOW HITPOINT WARNING * * *
Grinder hits you.
You die...

......#
...h.....#
........#
....... .....
.<.#
########..#
#....5@rh#
#.######.# #.#
########.##
#..........#
#..........#
#..........#
#..........#
#..........####
#


You could see Grinder, a jackal and a rat.

Vanquished Creatures
  2 adders (D:2)
  A worm (D:2)
  3 dart slugs (D:1)
  3 leopard geckos
  3 ball pythons (D:2)
  8 bats
  3 giant cockroaches
  8 goblins
  6 hobgoblins
  11 jackals
  9 kobolds
  A quokka (D:2)
  4 frilled lizards
  10 rats
72 creatures vanquished.

Notes
Turn   | Place    | Note
-------+----------+-------------------------------------------
     0 | D:1      | MTVSty1e the Ghoul Gladiator began the quest for the Orb.
     0 | D:1      | Reached XP level 1. HP: 17/17 MP: 0/0
    68 | D:1      | Reached XP level 2. HP: 20/25 MP: 1/1
   440 | D:1      | Reached XP level 3. HP: 21/30 MP: 2/2
   963 | D:2      | Found an opulent altar of Gozag.
   968 | D:2      | Reached skill level 1 in Armour
   983 | D:2      | Found a shimmering altar of Xom.
   990 | D:2      | Reached skill level 4 in Unarmed Combat
   990 | D:2      | Reached XP level 4. HP: 35/36 MP: 3/3
  1983 | D:3      | Noticed Grinder
  1987 | D:3      | Paralysed by Grinder for 6 turns
  1993 | D:3      | Slain by Grinder

Skill      XL: |  1  2  3  4 |
---------------+-------------+-----
Dodging        | 3 |  3.3
Armour         | 1 |  1.2
Unarmed Combat | 4 |  4.1
Fighting       | 3 |  3.4
Throwing       | |  1.7

Action                   |  1- 3 |  4- 6 || total
-------------------------+-------+-------++-------
Melee: Unarmed           |   105 |    90 ||   195
       Punch             |     1 |     4 ||     5
  Use: Scroll            |       |     5 ||     5
  Eat: Chunk             |     1 |     3 ||     4
       Meat ration       |       |     1 ||     1
       Royal jelly       |       |     1 ||     1
Armor: Leather armour    |    46 |    41 ||    87
Dodge: Dodged            |    79 |    64 ||   143
